 Dungeon Crawl Stone Soup version 0.28.0-1-gb440e238dd (webtiles) character file.

Game seed: 10829836919659783245

341 Eitelfritz the Skirmisher (level 6, -1/84 HPs)
             Began as a Hill Orc Fighter on Feb 21, 2022.
             Slain by Grinder (3 damage)
             ... while paralysed by Grinder
             ... on level 3 of the Dungeon.
             The game lasted 00:04:30 (2796 turns).

Eitelfritz the Skirmisher (Hill Orc Fighter)        Turns: 2796, Time: 00:04:32

Health: -1/84      AC: 23    Str: 21    XL:     6   Next: 56%
Magic:  6/6        EV:  2    Int:  8    God:
Gold:   78         SH:  0    Dex: 10    Spells: 5/5 levels left

rFire   . . .      SeeInvis .   a - +0 war axe
rCold   . . .      Faith    .   c - +0 buckler
rNeg    . . .      Spirit   .   (armour currently unavailable)
rPois   +          Reflect  .   (helmet currently unavailable)
rElec   .          Harm     .   (cloak currently unavailable)
rCorr   .          Rampage  .   (gloves currently unavailable)
Will    .....      NoTele   +   (boots currently unavailable)
Stlth   +.........              (no amulet)
HPRegen 0.24/turn               (no ring)
MPRegen 0.10/turn               (no ring)

@: paralysed, tree-form
A: stationary, stasis, torment immunity, boosted hp
a: no special abilities


You were on level 3 of the Dungeon.
You were a tree.
You visited 1 branch of the dungeon, and saw 3 of its levels.

You collected 78 gold pieces.

Inventory:

Hand Weapons
 a - a +0 war axe (weapon)
Missiles
 h - a curare-tipped dart (quivered)
 k - 5 atropa-tipped darts
Armour
 c - a +0 buckler (worn)
 j - a +0 chain mail (melded)
Scrolls
 b - a scroll of noise {unknown}
 d - 2 scrolls of magic mapping {unknown}
 e - a scroll of immolation {unknown}
 f - 4 scrolls of identify {unknown}
 i - 2 scrolls of teleportation {unknown}
 l - 2 scrolls of fog {unknown}


   Skills:
 + Level 5.2 Fighting
 + Level 5.0 Axes
 + Level 5.1 Armour
 + Level 0.6 Dodging
 + Level 4.1 Shields


You had 5 spell levels left.
You didn't know any spells.
Your spell library was empty.

Dungeon Overview and Level Annotations

Branches:
Dungeon (3/15)

Altars:

Shops:
D:2 [*:

Annotations:
D:3 Grinder


Message History

Grinder is heavily wounded.
You block Grinder's attack.
You closely miss Grinder.
Grinder is heavily wounded.
Grinder hits you but does no damage.
You slash Grinder!
Grinder is severely wounded.
Grinder blinks!
Throw: 4 darts (curare)
Press: ? - help, Q - select action, (/) - cycle Shift-Dir - straight line, f - Grinder
Aim: Grinder (severely wounded, 53% to hit)
You throw a curare-tipped dart. The curare-tipped dart hits Grinder.
Grinder is severely wounded.
Grinder blinks!
Throw: 3 darts (curare)
Press: ? - help, Q - select action, (/) - cycle Shift-Dir - straight line, f/p - Grinder
Aim: Grinder (severely wounded, 53% to hit)
You throw a curare-tipped dart. The curare-tipped dart hits Grinder.
Grinder is severely wounded.
Throw: 2 darts (curare)
Press: ? - help, Q - select action, (/) - cycle Shift-Dir - straight line, f/p - Grinder
Aim: Grinder (severely wounded, 53% to hit)
You throw a curare-tipped dart.
The curare-tipped dart barely misses Grinder.
Grinder gestures at you.
You suddenly lose the ability to move!
You can move again.
You barely miss Grinder.
Grinder is severely wounded.
Grinder hits you but does no damage.
You barely miss Grinder.
Grinder is severely wounded.
Grinder hits you but does no damage.
You slash Grinder!
Grinder is almost dead.
Grinder gestures at you.
You suddenly lose the ability to move!
Grinder hits you.
* * * LOW HITPOINT WARNING * * *
You writhe in agony.
You die...

#.######....†.....#
#...........
#...........
#........... ##
#........... ##.##
#...........
##.#.##
######...###
##.#.#.## #......
##.#.#.#♣# #......
##.#.###.#5#
#...... ##.#.##
##.#(# #...###
##.#.## #.#.#
##'#### ##.#.##
#.#.# #.....
##.#.## #.#.#
###### #.#.## #.#(#
#. #.#.## ## ### #.
##.#.## #.###.


You could see Grinder.

Vanquished Creatures
  Sigmund (D:2)
  An orc priest (D:3)
  Jessica (D:2)
  Natasha (thrice) (D:2)
  An adder (D:2)
  A worm (D:3)
  A dart slug (D:1)
  3 orcs (D:3)
  A giant cockroach (D:2)
  A goblin (D:1)
  3 hobgoblins
  A kobold (D:2)
  A quokka (D:2)
  6 ball pythons
  5 bats
  5 frilled lizards
  4 rats
39 creatures vanquished.

Vanquished Creatures (others)
  2 plants (D:2)
2 creatures vanquished.

Grand Total: 41 creatures vanquished

Notes
Turn   | Place    | Note
-------+----------+-------------------------------------------
     0 | D:1      | Eitelfritz the Hill Orc Fighter began the quest for the
                  | Orb.
     0 | D:1      | Reached XP level 1. HP: 19/19 MP: 1/1
   263 | D:1      | Reached XP level 2. HP: 27/27 MP: 2/2
  1198 | D:2      | Reached XP level 3. HP: 21/33 MP: 3/3
  1337 | D:2      | Found a faded altar of an unknown god.
  1393 | D:2      | Found Joenkiuk's Book Emporium.
  1431 | D:2      | Noticed Jessica
  1434 | D:2      | Killed Jessica
  1464 | D:2      | Found Bimik's Antique Armour Shop.
  1470 | D:2      | Noticed Sigmund
  1477 | D:2      | Killed Sigmund
  1478 | D:2      | Reached XP level 4. HP: 21/41 MP: 4/4
  1478 | D:2      | Reached XP level 5. HP: 24/47 MP: 5/5
  1638 | D:2      | Noticed Natasha
  1647 | D:2      | Killed Natasha
  1648 | D:2      | Reached skill level 5 in Fighting
  1648 | D:2      | Reached XP level 6. HP: 20/56 MP: 6/6
  1715 | D:2      | Noticed Natasha
  1817 | D:2      | Killed Natasha
  1967 | D:2      | Noticed Natasha
  1980 | D:2      | Killed Natasha
  1981 | D:2      | Reached skill level 5 in Armour
  2024 | D:2      | Found Nosol's General Store.
  2472 | D:3      | Reached skill level 5 in Axes
  2763 | D:3      | Noticed Grinder
  2770 | D:3      | Paralysed by Grinder for 5 turns
  2780 | D:3      | HP: 4/84 [Grinder (4)]
  2789 | D:3      | Paralysed by Grinder for 5 turns
  2796 | D:3      | Paralysed by Grinder for 3 turns
  2796 | D:3      | HP: 2/84 [Grinder (6)]
  2796 | D:3      | Slain by Grinder

Illustrated notes

Levels and vault maps discovered:
D:1:      sevenhm_arrival_forest_fort_large_1, layout_basic,
          nrook_mini_backslash, grunt_decor_junction
D:2:      layout_loops_ring, serial_shops, nicolae_shop_hallway_plus,
          nicolae_shop_overgrown_old_shop, shop,
          shapermc_ecumenical_altar_ellora, uniq_jessica, uniq_natasha,
          uniq_sigmund
D:3:      minmay_inner_zag, layout_basic, okawaru_ov_weapons_minmay,
          uniq_grinder

Skill      XL: |  1  2  3  4  5  6 |
---------------+-------------------+-----
Fighting       | 4 5 |  5.2
Axes           | 3 4 5 |  5.0
Armour         | 4 5 |  5.1
Shields        | 4 |  4.1
Dodging        | |  0.6

Action                   |  1- 3 |  4- 6 || total
-------------------------+-------+-------++-------
Melee: War axe           |    78 |   106 ||   184
Throw: Dart              |       |     3 ||     3
  Use: Potion            |     1 |     1 ||     2
Armor: Scale mail        |    27 |       ||    27
       Chain mail        |    21 |    55 ||    76
       Skin              |       |     8 ||     8
Dodge: Dodged            |    33 |    26 ||    59
Block: Buckler           |    15 |    15 ||    30
